 Dungeon Crawl Stone Soup version 0.19.1-1-g22dce08 (webtiles) character file.

7088 Jynx the Arsonist (level 10, -9/50 HPs)
             Began as a Deep Elf Fire Elementalist on Jan 10, 2017.
             Was a Believer of Vehumet.
             Mangled by a yak (17 damage)
             ... on level 9 of the Dungeon.
             The game lasted 00:19:44 (9532 turns).

Jynx the Arsonist (Deep Elf Fire Elementalist)      Turns: 9532, Time: 00:19:44

Health: -9/50      AC:  8    Str:  5    XL:     10   Next: 84%
Magic:  14/27      EV: 13    Int: 24    God:    Vehumet [**....]
Gold:   378        SH:  0    Dex: 18    Spells: 5 memorised, 17 levels left

rFire  . . .     SeeInvis .     k - staff of poison
rCold  . . .     Gourm    .     a - +2 robe
rNeg   + . .     Faith    .     (no shield)
rPois  +         Spirit   .     (no helmet)
rElec  .         Reflect  .     D - +0 cloak
rCorr  .         Harm     .     s - +2 pair of gloves {Dex+3}
MR     +....                    (no boots)
Stlth  ++........               (no amulet)
                                (no ring)
                                e - ring of positive energy

@: no status effects
A: no striking features
a: Renounce Religion


You were on level 9 of the Dungeon.
You worshipped Vehumet.
Vehumet was pleased with you.
You were hungry.

You visited 2 branches of the dungeon, and saw 10 of its levels.

You collected 378 gold pieces.

Inventory:

Armour
 a - a +2 robe (worn)
 g - a +0 cloak
 s - a +2 pair of gloves of dexterity (worn)
 C - the +3 hat of Pondering {ponderous, MR+ MP+10 Int+5}
   (You took it off Gastronok on level 8 of the Dungeon)

   It affects your intelligence (+5).
   It affects your resistance to hostile enchantments.
   It affects your magic capacity (+10).
 D - a +0 cloak (worn)
Magical Staves
 k - an uncursed staff of poison (weapon)
Jewellery
 e - a ring of positive energy (left hand)
 y - a +4 amulet of reflection {unknown}
Wands
 d - a wand of disintegration (16/24)
 l - a wand of disintegration (24/24)
 m - a wand of confusion (20/48)
 G - a wand of lightning (6/15)
Scrolls
 f - 3 scrolls of fog
 h - 2 scrolls of enchant armour
 i - 5 scrolls of identify
 j - 5 scrolls of remove curse
 r - a scroll of enchant weapon
 B - a scroll of teleportation
 F - a scroll of amnesia {unknown}
Potions
 o - a potion of brilliance {unknown}
 p - a potion of might
 t - 2 potions of berserk rage
 v - a potion of cancellation {unknown}
 x - a potion of agility {unknown}
 z - a potion of magic
Books
 b - a book of Flames

   Spells                             Type                      Level
   a - Flame Tongue                   Conjuration/Fire             1
   b - Throw Flame                    Conjuration/Fire             2
   c - Conjure Flame                  Conjuration/Fire             3
   d - Inner Flame                    Hexes/Fire                   3
   e - Sticky Flame                   Conjuration/Fire             4
   f - Fireball                       Conjuration/Fire             5
Comestibles
 c - 3 bread rations
 n - 2 beef jerkies
 u - a slice of pizza
 w - 4 fruits
 A - 3 meat rations


   Skills:
 - Level 2.4 Dodging
 - Level 2.4 Stealth
 + Level 11.1 Spellcasting
 + Level 9.1 Conjurations
 * Level 13.0 Fire Magic


You had 17 spell levels left.
You knew the following spells:

 Your Spells              Type           Power        Failure   Level  Hunger
a - Flame Tongue          Conj/Fire      #####        1%          1    None
b - Conjure Flame         Conj/Fire      ######..     1%          3    None
c - Sticky Flame          Conj/Fire      ######..     1%          4    None
d - Fireball              Conj/Fire      ######....   1%          5    ####...
e - Magic Dart            Conj           ####         1%          1    None


Dungeon Overview and Level Annotations

Branches:
Dungeon (9/15)             Temple (1/1) D:6            Lair (0/6) D:8
    Orc: D:9-12

Altars:
Ashenzari
Kikubaaqudgha
Nemelex Xobeh
Okawaru
Ru
Trog
Vehumet
Zin

Shops:
D:5 =


Message History

The fireball explodes!
The fireball engulfs the dream sheep.
The dream sheep is almost dead.
The fireball engulfs the yak.
The yak is moderately wounded.
You are feeling hungry.
The yak gores you!
* * * LOW HITPOINT WARNING * * *
Okay, then.
You feel better. The dream sheep bites you.
* * * LOW HITPOINT WARNING * * *
The yak barely misses you.
You feel better.
The dream sheep shake their wool and sparkle.
You feel drowsy...
You fall asleep.
The dream sheep bites you.
You wake up.
* * * LOW HITPOINT WARNING * * *
The yak gores you but does no damage.
You feel better. The dream sheep bites you.
* * * LOW HITPOINT WARNING * * *
The yak gores you!
You die...

...........#
.##.####...# #
##.####.>.#
#.#.........#
#.#.........#
#...........#
###........##
#..Y..####### ##
#.@Y..#.....#.%#
#..Y..#≈....'.%#
#.....#..P%.'..#
#......≈%Y.%'..#
#######.....#..#
#≈.P≈P##+#
#P≈)≈≈# #PP≈P.+
#######


You could see a yak and 2 dream sheep.

Vanquished Creatures
  Gastronok (D:8)
  Erica (D:8)
  Joseph (D:9)
  A gargoyle (D:9)
  The ghost of karate69 the Chopper, an amateur HOFi (D:3)
  Grum (D:8)
  A yak (D:9)
  A steam dragon (D:8)
  The ghost of Jynx the Conjurer, an amateur DECj (D:4)
  4 ice beasts
  An orc warrior (D:8)
  3 centaurs
  2 wolves (D:8)
  5 ogres
  2 big kobolds (D:9)
  6 bullfrogs
  A gnoll sergeant (D:6)
  A water moccasin skeleton (D:6)
  4 scorpions
  4 wights (D:5)
  3 crimson imps
  A howler monkey (D:8)
  2 bullfrog zombies (D:5)
  A centaur zombie (D:5)
  A hound (D:7)
  2 bullfrog skeletons
  A quasit (D:6)
  A centaur skeleton (D:7)
  A jelly (D:9)
  3 orc priests
  5 orc wizards
  2 iguanas (D:5)
  6 worker ants
  A hound zombie (D:5)
  A hound skeleton (D:5)
  A worker ant zombie (D:7)
  20 gnolls
  11 adders
  2 river rats (D:5)
  2 shadow imps
  4 oozes
  An adder zombie (D:5)
  6 worms
  4 dart slugs (D:1)
  7 leopard geckos
  23 orcs
  5 bats
  8 giant cockroaches
  7 goblins
  12 hobgoblins
  7 jackals (D:4)
  5 kobolds
  3 quokkas
  4 ball pythons
  5 frilled lizards
  A leopard gecko skeleton (D:6)
  12 rats
223 creatures vanquished.

Vanquished Creatures (collateral kills)
  A crimson imp (D:6)
  A jelly (D:6)
2 creatures vanquished.

Grand Total: 225 creatures vanquished

Notes
Turn   | Place    | Note
-------+----------+-------------------------------------------
     0 | D:1      | Jynx the Deep Elf Fire Elementalist began the quest for the Orb.
     0 | D:1      | Reached XP level 1. HP: 10/10 MP: 6/6
   131 | D:1      | Found a shattered altar of Ashenzari.
   139 | D:1      | Reached XP level 2. HP: 15/15 MP: 4/8
   288 | D:1      | Reached skill level 4 in Fire Magic
   534 | D:1      | Reached XP level 3. HP: 19/19 MP: 5/9
   775 | D:1      | Learned a level 3 spell: Conjure Flame
   893 | D:2      | Found a bloodstained altar of Trog.
   895 | D:2      | Found an ancient bone altar of Kikubaaqudgha.
   938 | D:2      | Found a glowing silver altar of Zin.
  1174 | D:2      | Reached XP level 4. HP: 20/24 MP: 6/11
  1447 | D:2      | Reached skill level 5 in Fire Magic
  1449 | D:2      | HP: 1/24 [gnoll/spear (10)]
  2212 | D:3      | Reached XP level 5. HP: 28/28 MP: 9/13
  2574 | D:3      | Noticed karate69's ghost (amateur HOFi)
  2589 | D:3      | Killed karate69's ghost
  2589 | D:3      | Reached skill level 6 in Fire Magic
  2589 | D:3      | Reached XP level 6. HP: 32/32 MP: 1/15
  3228 | D:4      | Reached skill level 5 in Spellcasting
  3538 | D:4      | Noticed Jynx's ghost (amateur DECj)
  3549 | D:4      | Killed Jynx's ghost
  3549 | D:4      | Reached skill level 7 in Fire Magic
  3549 | D:4      | Reached XP level 7. HP: 15/36 MP: 4/17
  4043 | D:5      | Entered Level 5 of the Dungeon
  4177 | D:4      | Learned a level 4 spell: Sticky Flame
  4463 | D:5      | Reached skill level 8 in Fire Magic
  4563 | D:5      | Found a radiant altar of Vehumet.
  4589 | D:5      | Became a worshipper of Vehumet
  4601 | D:5      | Reached XP level 8. HP: 26/41 MP: 13/20
  4771 | D:5      | Found Radep's Jewellery Shop.
  4804 | D:5      | Reached skill level 5 in Conjurations
  5118 | D:5      | Found a sacrificial altar of Ru.
  5481 | D:5      | Learned a level 5 spell: Fireball
  5635 | D:6      | Found an iron altar of Okawaru.
  5643 | D:6      | Reached * piety under Vehumet
  5643 | D:6      | Offered knowledge of Magic Dart by Vehumet.
  5643 | D:6      | Reached skill level 9 in Fire Magic
  5908 | D:6      | Learned a level 1 spell: Magic Dart
  6229 | D:6      | Found a staircase to the Ecumenical Temple.
  6410 | Temple   | Entered the Ecumenical Temple
  6891 | D:7      | Reached XP level 9. HP: 45/45 MP: 19/23
  7099 | D:7      | Reached skill level 10 in Fire Magic
  7360 | D:7      | Reached ** piety under Vehumet
  7360 | D:7      | Offered knowledge of Throw Frost by Vehumet.
  7697 | D:8      | Noticed Erica
  7703 | D:8      | Killed Erica
  7703 | D:8      | Reached skill level 11 in Fire Magic
  8013 | D:8      | Found a staircase to the Lair.
  8014 | D:8      | Noticed Grum
  8029 | D:8      | Killed Grum
  8225 | D:8      | Reached XP level 10. HP: 50/50 MP: 21/25
  8375 | D:8      | Reached skill level 10 in Spellcasting
  8453 | D:8      | Offered knowledge of Dazzling Spray by Vehumet.
  8462 | D:8      | Noticed Gastronok
  8576 | D:8      | Killed Gastronok
  8576 | D:8      | Reached skill level 12 in Fire Magic
  9261 | D:9      | Noticed a gargoyle
  9264 | D:9      | Killed a gargoyle
  9280 | D:9      | Noticed Joseph
  9420 | D:9      | Killed Joseph
  9522 | D:9      | Reached skill level 13 in Fire Magic
  9529 | D:9      | HP: 1/50 [yak (9)]
  9532 | D:9      | Mangled by a yak

Skill      XL: |  1  2  3  4  5  6  7  8  9 10 |
---------------+-------------------------------+-----
Fire Magic     | 4 5 6 7 8 9 11 13 | 13.0
Conjurations   | 2 3 4 6 7 9 |  9.1
Spellcasting   | 4 5 6 8 9 11 | 11.1
Dodging        | |  2.4
Stealth        | |  2.4

Action                   |  1- 3 |  4- 6 |  7- 9 | 10-12 || total
-------------------------+-------+-------+-------+-------++-------
Melee: Unarmed           |       |       |    48 |       ||    48
       Staff             |       |       |       |     4 ||     4
 Cast: Flame Tongue      |    65 |   123 |   316 |    59 ||   563
       Conjure Flame     |       |     3 |    10 |     1 ||    14
       Sticky Flame      |       |       |     4 |     6 ||    10
       Magic Dart        |       |       |    20 |       ||    20
       Fireball          |       |       |     9 |    22 ||    31
  Use: Scroll            |       |       |    21 |       ||    21
       Potion            |       |       |     2 |     3 ||     5
 Stab: Sleeping          |       |       |     1 |       ||     1
  Eat: Meat ration       |       |     1 |       |       ||     1
       Chunk             |       |     3 |    16 |     6 ||    25
       Fruit             |       |       |       |     1 ||     1
Armor: Robe              |     7 |     3 |    53 |     9 ||    72
Dodge: Dodged            |    11 |    23 |    93 |    15 ||   142
